 Dungeon Crawl Stone Soup version 0.22-a0-268-g1cc83ef (webtiles) character file.

135 tidbits the Firebug (level 5, 0/37 HPs)
             Began as a Gnoll Fire Elementalist on Mar 9, 2018.
             Succumbed to a worker ant's poison
             ... on level 5 of the Dungeon.
             The game lasted 00:05:04 (481 turns).

tidbits the Firebug (Gnoll Fire Elementalist)        Turns: 481, Time: 00:05:05

Health: 0/37       AC:  2    Str: 10    XL:     5   Next: 18%
Magic:  6/12       EV: 15    Int: 18    God:
Gold:   55         SH:  0    Dex: 16    Spells: 9/14 levels left

rFire    . . .     SeeInvis .   a - +2 dagger (venom)
rCold    . . .     Gourm    .   (no shield)
rNeg     . . .     Faith    .   f - +0 robe
rPois    .         Spirit   .   (no helmet)
rElec    .         Reflect  .   (no cloak)
rCorr    .         Harm     .   (no gloves)
MR       .....                  (no boots)
Stlth    +++.......             (no amulet)
HPRegen  0.12/turn              (no ring)
MPRegen  0.13/turn              (no ring)

@: lethally poisoned (0 -> -4), hasted, very quick
A: distributed training, fangs 1, strong nose
a: no special abilities


You were on level 5 of the Dungeon.
You were not hungry.

You visited 1 branch of the dungeon, and saw 5 of its levels.

You collected 55 gold pieces.

Inventory:

Hand Weapons
 a - a +2 dagger of venom (weapon)
   (You took it off a kobold on level 3 of the Dungeon)
 b - a +0 scimitar
 h - a +0 dagger
 i - a +0 hunting sling
 k - a +0 short sword
 l - a +0 blowgun
Missiles
 d - 48 stones (quivered)
 m - 10 poisoned needles
Armour
 f - a +0 robe (worn)
Scrolls
 j - a scroll of teleportation
 o - a scroll of fear
Potions
 n - a potion of might
Comestibles
 c - 3 rations


   Skills:
 + Level 1.3 Fighting
 + Level 1.3 Short Blades
 + Level 1.3 Long Blades
 + Level 1.3 Axes
 + Level 1.3 Maces & Flails
 + Level 1.3 Polearms
 + Level 1.3 Staves
 + Level 1.3 Slings
 + Level 1.3 Bows
 + Level 1.3 Crossbows
 + Level 1.3 Throwing
 + Level 1.3 Armour
 + Level 4.7 Dodging
 + Level 4.3 Stealth
 + Level 1.3 Shields
 + Level 1.3 Unarmed Combat
 + Level 5.1 Spellcasting
 + Level 2.3 Conjurations
 + Level 1.1 Hexes
 + Level 1.1 Charms
 + Level 1.1 Summonings
 + Level 1.1 Necromancy
 + Level 1.1 Translocations
 + Level 1.1 Transmutations
 + Level 5.5 Fire Magic
 + Level 1.1 Ice Magic
 + Level 1.1 Air Magic
 + Level 1.1 Earth Magic
 + Level 1.1 Poison Magic
 + Level 1.5 Invocations
 + Level 1.3 Evocations


You had 9 spell levels left.
You knew the following spells:

 Your Spells              Type           Power        Failure   Level  Hunger
a - Flame Tongue          Conj/Fire      ###..        2%          1    None
j - Throw Flame           Conj/Fire      ###...       3%          2    #......
k - Sticks to Snakes      Tmut           #.......     13%         2    #......


Dungeon Overview and Level Annotations

Branches:
Dungeon (5/15)
 Temple: D:4-7

Altars:
Uskayaw


Innate Abilities, Weirdness & Mutations

Your experience applies equally to all skills.
You have very sharp teeth.
Your uncanny sense of smell can sniff out nearby items.


Message History

As you read the scroll of identify, it crumbles to dust.
n - a potion of might
Found a smoky ruby potion.
You see here 11 gold pieces.
Unknown command.
You now have 55 gold pieces (gained 11).
A ball python skeleton comes into view.
Casting: Flame Tongue (safe; 2% risk of failure)
Confirm with . or Enter, or press ? or * to list all spells.
Aiming: Flame Tongue (safe; 2% risk of failure)
Press: ? - help, Shift-Dir - straight line, f - ball python skeleton
Aim: a ball python skeleton The flame tongue hits the ball python skeleton.
The ball python skeleton is almost destroyed.
Casting: Flame Tongue (safe; 2% risk of failure)
Confirm with . or Enter, or press ? or * to list all spells.
Aiming: Flame Tongue (safe; 2% risk of failure)
Press: ? - help, Shift-Dir - straight line, f/p - ball python skeleton
Aim: a ball python skeleton (almost destroyed)
The flame tongue hits the ball python skeleton.
You destroy the ball python skeleton!
Found a scroll labeled SEIROS AHEUSM.
You see here a chain mail.
A centaur comes into view.
You see here a scroll labeled SEIROS AHEUSM.
A worker ant comes into view.
The worker ant twitches its antennae in your direction.
Found a scroll of identify.
Unknown command.
The helpless centaur fails to defend itself.
You puncture the centaur!
The centaur looks as sick as possible!
Your bite misses the centaur.
The centaur is heavily wounded.
The centaur barely misses you.
Casting: Flame Tongue (safe; 2% risk of failure)
Confirm with . or Enter, or press ? or * to list all spells.
Aiming: Flame Tongue (safe; 2% risk of failure)
Press: ? - help, Shift-Dir - straight line, f - centaur
Aim: a centaur (severely wounded, poisoned)
The flame tongue hits the centaur.
You kill the centaur!
Your Fighting skill increases to level 1!
Your Short Blades skill increases to level 1!
Your Long Blades skill increases to level 1!
Your Axes skill increases to level 1!
Your Maces & Flails skill increases to level 1!
Your Polearms skill increases to level 1!
Your Staves skill increases to level 1!
Your Slings skill increases to level 1!
Your Bows skill increases to level 1!
Your Crossbows skill increases to level 1!
Your Throwing skill increases to level 1!
Your Armour skill increases to level 1!
Your Shields skill increases to level 1!
Your Unarmed Combat skill increases to level 1!
Your Hexes skill increases to level 1!
Your Charms skill increases to level 1!
Your Summonings skill increases to level 1!
Your Necromancy skill increases to level 1!
Your Translocations skill increases to level 1!
Your Transmutations skill increases to level 1!
Your Ice Magic skill increases to level 1!
Your Air Magic skill increases to level 1!
Your Earth Magic skill increases to level 1!
Your Poison Magic skill increases to level 1!
Your Invocations skill increases to level 1!
Your Evocations skill increases to level 1!
You have reached level 4!
You feel agile.
You hit the worker ant.
The worker ant is poisoned.
The worker ant is lightly wounded.
The worker ant bites you.
* * * LOW HITPOINT WARNING * * *
You are poisoned.
The worker ant poisons you!
Casting: Flame Tongue (safe; 2% risk of failure)
Confirm with . or Enter, or press ? or * to list all spells.
Aiming: Flame Tongue (safe; 2% risk of failure)
Press: ? - help, Shift-Dir - straight line, f - worker ant
Aim: a worker ant (lightly wounded, poisoned)
The flame tongue hits the worker ant.
The worker ant appears unharmed.
The worker ant is lightly wounded.
You feel sick. The worker ant closely misses you.
Casting: Flame Tongue (safe; 2% risk of failure)
Confirm with . or Enter, or press ? or * to list all spells.
Aiming: Flame Tongue (safe; 2% risk of failure)
Press: ? - help, Shift-Dir - straight line, f/p - worker ant
Aim: a worker ant (heavily wounded, poisoned)
The flame tongue misses the worker ant.
You feel sick. The worker ant bites you!
* * * LOW HITPOINT WARNING * * *
Casting: Flame Tongue (safe; 2% risk of failure)
Confirm with . or Enter, or press ? or * to list all spells.
Aiming: Flame Tongue (safe; 2% risk of failure)
Press: ? - help, Shift-Dir - straight line, f/p - worker ant
Aim: a worker ant (severely wounded, poisoned)
The flame tongue hits the worker ant.
The worker ant is almost dead.
You kill the worker ant!
You have reached level 5!
It was a potion of haste.
You feel yourself speed up.
You die...

### ..# #.# #?#
#.# ##@##
#######...#
#....?....#
#.####[#####...#
#...........####
#..###.####.###
#..............
##.###<........
###.......


There were no monsters in sight!

Vanquished Creatures
  A centaur (D:5)
  A worker ant (D:5)
  A worm (D:2)
  A dart slug (D:2)
  A leopard gecko (D:2)
  An orc (D:3)
  2 giant cockroaches
  3 goblins
  4 hobgoblins
  7 kobolds
  A ball python skeleton (D:5)
  A bat (D:2)
  2 frilled lizards (D:3)
26 creatures vanquished.

Vanquished Creatures (others)
  A kobold (D:1)
1 creature vanquished.

Grand Total: 27 creatures vanquished

Notes
Turn   | Place    | Note
-------+----------+-------------------------------------------
     0 | D:1      | tidbits the Gnoll Fire Elementalist began the quest for the Orb.
     0 | D:1      | Reached XP level 1. HP: 13/13 MP: 6/6
    98 | D:2      | Noticed a hand axe
    99 | D:2      | Noticed a hand axe
    99 | D:2      | Reached skill level 2 in Conjurations
   101 | D:2      | Reached XP level 2. HP: 16/19 MP: 3/7
   107 | D:2      | Learned a level 2 spell: Throw Flame
   108 | D:2      | Found a hide-covered altar of Uskayaw.
   285 | D:3      | Reached XP level 3. HP: 22/25 MP: 5/9
   358 | D:3      | Reached skill level 5 in Spellcasting
   436 | D:4      | Learned a level 2 spell: Sticks to Snakes
   459 | D:5      | Entered Level 5 of the Dungeon
   471 | D:5      | Noticed a centaur
   475 | D:5      | Killed a centaur
   475 | D:5      | Reached skill level 1 in Fighting
   475 | D:5      | Reached skill level 1 in Short Blades
   475 | D:5      | Reached skill level 1 in Long Blades
   475 | D:5      | Reached skill level 1 in Axes
   475 | D:5      | Reached skill level 1 in Maces & Flails
   475 | D:5      | Reached skill level 1 in Polearms
   475 | D:5      | Reached skill level 1 in Staves
   475 | D:5      | Reached skill level 1 in Slings
   475 | D:5      | Reached skill level 1 in Bows
   475 | D:5      | Reached skill level 1 in Crossbows
   475 | D:5      | Reached skill level 1 in Throwing
   475 | D:5      | Reached skill level 1 in Armour
   475 | D:5      | Reached skill level 1 in Shields
   475 | D:5      | Reached skill level 1 in Unarmed Combat
   475 | D:5      | Reached skill level 1 in Hexes
   475 | D:5      | Reached skill level 1 in Charms
   475 | D:5      | Reached skill level 1 in Summonings
   475 | D:5      | Reached skill level 1 in Necromancy
   475 | D:5      | Reached skill level 1 in Translocations
   475 | D:5      | Reached skill level 1 in Transmutations
   475 | D:5      | Reached skill level 1 in Ice Magic
   475 | D:5      | Reached skill level 1 in Air Magic
   475 | D:5      | Reached skill level 1 in Earth Magic
   475 | D:5      | Reached skill level 1 in Poison Magic
   475 | D:5      | Reached skill level 1 in Invocations
   475 | D:5      | Reached skill level 1 in Evocations
   475 | D:5      | Reached XP level 4. HP: 12/32 MP: 8/11
   478 | D:5      | HP: 1/32 [worker ant (8)]
   479 | D:5      | Reached XP level 5. HP: 1/37 MP: 5/12
   481 | D:5      | Succumbed to a worker ant's poison

Vault maps used:
D:1:      dpeg_arrival_stone_temple_mockup, serial_bayou_pond_e
D:2:      dancing_weapons_uskayaw, gammafunk_temple_overflow_wave,
          minmay_pentomino_o4
D:3:      minmay_misc_feat_five, serial_bayou_pond_b
D:4:      nemelex_xobeh_ov_fountains_minmay, first_ration, uniq_robin

Skill      XL: |  1  2  3 |
---------------+----------+-----
Conjurations   | 2 |  2.3
Spellcasting   | 5 |  5.1
Fighting       | 1 |  1.3
Short Blades   | 1 |  1.3
Long Blades    | 1 |  1.3
Axes           | 1 |  1.3
Maces & Flails | 1 |  1.3
Polearms       | 1 |  1.3
Staves         | 1 |  1.3
Slings         | 1 |  1.3
Bows           | 1 |  1.3
Crossbows      | 1 |  1.3
Throwing       | 1 |  1.3
Armour         | 1 |  1.3
Shields        | 1 |  1.3
Unarmed Combat | 1 |  1.3
Hexes          | 1 |  1.1
Charms         | 1 |  1.1
Summonings     | 1 |  1.1
Necromancy     | 1 |  1.1
Translocations | 1 |  1.1
Transmutations | 1 |  1.1
Ice Magic      | 1 |  1.1
Air Magic      | 1 |  1.1
Earth Magic    | 1 |  1.1
Poison Magic   | 1 |  1.1
Invocations    | 1 |  1.5
Evocations     | 1 |  1.3
Dodging        | |  4.7
Stealth        | |  4.3
Fire Magic     | |  5.5

Action                   |  1- 3 |  4- 6 || total
-------------------------+-------+-------++-------
Melee: Short sword       |    13 |       ||    13
       Dagger            |    13 |     1 ||    14
       Bite              |     3 |       ||     3
 Cast: Flame Tongue      |    29 |     4 ||    33
  Use: Scroll            |     3 |       ||     3
       Potion            |       |     1 ||     1
 Stab: Sleeping          |     5 |       ||     5
Armor: Robe              |     5 |       ||     5
Dodge: Dodged            |    20 |     1 ||    21

Table legend:
 A = Spawn XP
 B = Non-spawn XP
 C = Spawn XP percentage of total XP
 D = Spawn monster count
 E = Non-spawn monster count
 F = Spawn count percentage of total count
 G = Total turns spent on level
                    A         B        C        D         E        F      G
               +---------+---------+-------+---------+---------+-------+---------
         Total |       0 |     194 |   0.0 |       0 |      27 |   0.0 |   481
               +---------+---------+-------+---------+---------+-------+---------
           D:1 |       0 |       6 |   0.0 |       0 |       3 |   0.0 |    72
           D:2 |       0 |      21 |   0.0 |       0 |       8 |   0.0 |   161
           D:3 |       0 |      14 |   0.0 |       0 |       9 |   0.0 |   150
           D:4 |       0 |       7 |   0.0 |       0 |       4 |   0.0 |    76
           D:5 |       0 |     146 |   0.0 |       0 |       3 |   0.0 |    22
               +---------+---------+-------+---------+---------+-------+---------

Table legend:
 A = Turns spent in this place as a percentage of turns spent in the entire game.
 B = Non-inter-level travel turns spent in this place as a percentage of non-inter-level travel turns spent in the entire game.
 C = Inter-level travel turns spent in this place as a percentage of turns spent in this place.
 D = Turns resting spent in this place as a percentage of non-inter-level travel turns spent in this place.
 E = Turns spent auto-exploring this place as a percentage of non-inter-level travel turns spent in this place.
 F = Non-inter-level travel turns spent in this place divided by the number of levels of this place that you've seen.
                   A       B       C       D       E      F
               +-------+-------+-------+-------+-------+----------------------
         Total | 100.0 | 100.0 |   0.0 |   0.0 |   0.0 |  96.2
       Dungeon | 100.0 | 100.0 |   0.0 |   0.0 |   0.0 |  96.2
               +-------+-------+-------+-------+-------+----------------------

Table legend:
 A = Kills in this place as a percentage of kills in entire the game.
 B = Kills by you in this place as a percentage of kills by you in the entire game.
 C = Kills by friends in this place as a percentage of kills by friends in the entire game.
 D = Other kills in this place as a percentage of other kills in the entire game.
 E = Experience gained in this place as a percentage of experience gained in the entire game.
 F = Experience gained in this place divided by the number of levels of this place that you have seen.
                   A       B       C       D       E      F
               +-------+-------+-------+-------+-------+----------------------
         Total | 100.0 | 100.0 |   N/A | 100.0 | 100.0 |  38.8
       Dungeon | 100.0 | 100.0 |   N/A | 100.0 | 100.0 |  38.8
               +-------+-------+-------+-------+-------+----------------------

Vault maps used:
D:1:      dpeg_arrival_stone_temple_mockup, serial_bayou_pond_e
D:2:      dancing_weapons_uskayaw, gammafunk_temple_overflow_wave,
          minmay_pentomino_o4
D:3:      minmay_misc_feat_five, serial_bayou_pond_b
D:4:      nemelex_xobeh_ov_fountains_minmay, first_ration, uniq_robin
